 Dungeon Crawl Stone Soup version 0.30.1-11-g7821555f0a (webtiles) character file.

Game seed: 8545912378907845641

1905 KittyFluff the Covered (level 9, -2/82 HPs)
             Began as a Gargoyle Berserker on Oct 29, 2023.
             Was an Elder of Trog.
             Slain by a cyclops (6 damage)
             ... on level 7 of the Dungeon.
             The game lasted 00:21:41 (5276 turns).

KittyFluff the Covered (Gargoyle Berserker)         Turns: 5276, Time: 00:21:41

Health: -2/82      AC: 16    Str: 25    XL:     9   Next: 16%
Magic:  0/0        EV: 12    Int:  8    God:    Trog [****..]
Gold:   295        SH:  0    Dex:  9    Spells: 8/8 levels left

rFire   . . .        v - +0 quarterstaff
rCold   . . .        (shield currently unavailable)
rNeg    + + +        E - +1 leather armour of Uskayaw's Inspiration {*Slow rElec rN+++ MP-9}
rPois   ∞            C - +4 helmet of the Countless Lives {Fly}
rElec   +            (no cloak)
rCorr   .            (no gloves)
SInv    .            (no boots)
Will    .....        g - amulet of guardian spirit Stlth
                     F - ring of positive energy
HPRegen 0.33/turn    (no ring)
MPRegen 0.07/turn

%: slow self (1%), guardian spirit
@: berserking, flying, very quick
A: sickness immunity, AC +6, negative energy resistance 1, electricity
resistance, torment resistance 1, petrification resistance
a: Renounce Religion, Berserk, Trog's Hand, Brothers in Arms


You were on level 7 of the Dungeon.
You worshipped Trog.
Trog was greatly pleased with you.
You visited 1 branch of the dungeon, and saw 7 of its levels.

You collected 295 gold pieces.

Inventory:

Hand Weapons
 a - a +0 mace
 s - a +0 sling
 v - a +0 quarterstaff (weapon)
Missiles
 d - 4 javelins (quivered)
 j - 3 poisoned darts
Armour
 x - a +0 leather armour
 C - the +4 helmet of the Countless Lives (worn) {Fly}
   (You found it on level 6 of the Dungeon)

   Fly:       It grants you flight.
 E - the +1 leather armour of Uskayaw's Inspiration (worn) {*Slow rElec rN+++ MP-9}
   (You found it on level 6 of the Dungeon)

   rElec:     It insulates you from electricity.
   rN:        It renders you almost immune to negative energy.
   MP:        It affects your magic capacity (-9).
   *Slow:     It may slow you when you take damage.
Jewellery
 g - an amulet of guardian spirit (around neck)
 m - a ring of magical power
 F - a ring of positive energy (left hand)
Wands
 u - a wand of mindburst (8)
 y - a wand of quicksilver (8)
Scrolls
 c - 2 scrolls of noise {unknown}
 e - 4 scrolls of teleportation {unknown}
 h - a scroll of brand weapon
 i - a scroll of magic mapping
 k - 2 scrolls of vulnerability {unknown}
 o - a scroll of blinking
 p - a scroll of butterflies
 w - a scroll of torment
 z - 2 scrolls of enchant weapon
 H - a scroll of poison {unknown}
Potions
 b - 2 potions of ambrosia
 f - 5 potions of curing
 l - 2 potions of might
 n - 4 potions of heal wounds
 q - 2 potions of magic {unknown}
 r - a potion of lignification {unknown}
 t - 3 potions of resistance {unknown}
 A - 3 potions of haste {unknown}
 B - 2 potions of degeneration {unknown}
 D - a potion of cancellation {unknown}
 G - a potion of brilliance {unknown}
 I - a potion of attraction {unknown}


   Skills:
 + Level 5.8 Fighting
 + Level 5.9(6.8) Maces & Flails
 * Level 5.1(6.4) Staves
 * Level 7.3 Armour
 + Level 4.0 Dodging


You had 8 spell levels left.
You didn't know any spells.
Your spell library was empty.

Dungeon Overview and Level Annotations

Branches:
Dungeon (7/15)             Temple (0/1) D:6

Altars:
Dithmenos
Fedhas
Kikubaaqudgha
Nemelex Xobeh
Sif Muna
Trog
Uskayaw
Vehumet
Wu Jian
Yredelemnul
Zin
The Shining One

Shops:
D:5 *


Innate Abilities, Weirdness & Mutations

You are immune to sickness and miasma.
Your stone body is resilient. (AC +6)
You are immune to poison.
You resist negative energy. (rN+)
You are resistant to electric shocks. (rElec)
You are resistant to unholy torment.
You are immune to petrification.


Message History

Found 13 gold pieces.
You now have 295 gold pieces (gained 13).
A phantom comes into view.
You see here a potion of curing.
You see here a potion of curing.
f - 5 potions of curing (gained 1)
You thump the phantom!
The phantom is moderately damaged.
The phantom barely misses you.
You hit the phantom.
The phantom is heavily damaged.
The phantom hits you but does no damage.
You completely miss the phantom.
The phantom is heavily damaged.
The phantom hits you but does no damage.
You hit the phantom.
The phantom is heavily damaged.
The phantom misses you.
You barely miss the phantom.
The phantom is heavily damaged.
The phantom hits you but does no damage.
You sock the phantom!
The phantom is severely damaged.
The phantom closely misses you.
You sock the phantom!
You destroy the phantom!
Trog accepts your kill.
Your Dodging skill increases to level 4!
A cyclops comes into view.
The cyclops shouts!
The cyclops throws a large rock.
The large rock hits you!
The cyclops throws a large rock.
The large rock hits you!!
You completely miss the cyclops. You hit the cyclops.
The cyclops is lightly wounded.
The cyclops hits you!!
* * * LOW HITPOINT WARNING * * *
A red film seems to cover your vision as you go berserk!
You feel yourself moving faster!
You feel mighty! The cyclops hits you.
You die...

#...## # #...## ##
#...## .### #....##
...## #....## ....###
#.....###
......###.......###
..................###...
................@C......
########################


You could see a cyclops.

Vanquished Creatures
  2 sky beasts
  An ogre (D:6)
  An ice beast (D:6)
  A black bear (D:4)
  2 phantoms
  A bullfrog (D:7)
  4 scorpions
  A killer bee (D:6)
  5 orc priests
  4 hounds
  3 iguanas (D:6)
  A gnoll bouda (D:7)
  2 sleepcaps
  Ijyb (D:5)
  8 orc wizards
  4 gnolls (D:4)
  16 adders
  A shadow imp (D:6)
  A white imp (D:4)
  A worm (D:2)
  2 dart slugs
  13 orcs
  7 endoplasms
  5 giant cockroaches
  7 hobgoblins
  3 jackals (D:5)
  8 kobolds
  3 quokkas
  8 ball pythons
  8 bats
  3 frilled lizards
  8 goblins
  4 rats
139 creatures vanquished.

Vanquished Creatures (others)
  2 orc wizards
2 creatures vanquished.

Grand Total: 141 creatures vanquished

Notes
Turn   | Place    | Note
-------+----------+-------------------------------------------
     0 | D:1      | KittyFluff the Gargoyle Berserker began the quest for the
                  | Orb.
     0 | D:1      | Reached XP level 1. HP: 14/14 MP: 1/1
    78 | D:1      | Found a faded altar of an unknown god.
   132 | D:1      | Reached XP level 2. HP: 19/19 MP: 2/2
   293 | D:1      | Reached XP level 3. HP: 23/23 MP: 3/3
   320 | D:1      | Reached ** piety under Trog
   566 | D:2      | Reached skill level 3 in Armour
   687 | D:2      | Reached XP level 4. HP: 10/29 MP: 1/4
  1115 | D:2      | Found a glowing golden altar of the Shining One.
  1448 | D:2      | Reached XP level 5. HP: 33/33 MP: 5/5
  1667 | D:3      | Reached skill level 4 in Armour
  1673 | D:3      | Reached *** piety under Trog
  1679 | D:3      | Reached XP level 6. HP: 30/38 MP: 3/6
  1947 | D:4      | Noticed a black bear
  1960 | D:4      | Killed a black bear
  1961 | D:4      | Reached skill level 1 in Staves
  2113 | D:4      | Reached XP level 7. HP: 17/44 MP: 0/7
  2266 | D:4      | Reached skill level 5 in Armour
  2544 | D:4      | Found a radiant altar of Vehumet.
  2690 | D:4      | Found an ancient bone altar of Kikubaaqudgha.
  2760 | D:4      | Found a shimmering blue altar of Sif Muna.
  2764 | D:4      | Reached skill level 5 in Maces & Flails
  2971 | D:4      | Reached **** piety under Trog
  3036 | D:5      | Entered Level 5 of the Dungeon
  3071 | D:5      | Found Ebloni's Lightly-Used Armoury.
  3144 | D:5      | Noticed Ijyb
  3166 | D:5      | Killed Ijyb
  3329 | D:5      | Found a shadowy altar of Dithmenos.
  3332 | D:5      | Found an ornate altar of the Wu Jian Council.
  3340 | D:5      | Reached XP level 8. HP: 44/48 MP: 6/8
  3356 | D:5      | Found a hide-covered altar of Uskayaw.
  3360 | D:5      | Found a glowing silver altar of Zin.
  3364 | D:5      | Found a bloodstained altar of Trog.
  3385 | D:5      | Found a basalt altar of Yredelemnul.
  3387 | D:5      | Found a blossoming altar of Fedhas.
  3388 | D:5      | Found a glowing golden altar of the Shining One.
  3467 | D:5      | Reached skill level 5 in Fighting
  3475 | D:5      | Found a sparkling altar of Nemelex Xobeh.
  3951 | D:6      | Reached skill level 6 in Armour
  3954 | D:6      | Identified the +4 helmet of the Countless Lives {Fly}
  4754 | D:6      | Identified the +1 leather armour of Uskayaw's Inspiration
                  | {*Slow rElec rN+++ MP-9}
  4781 | D:6      | Found a staircase to the Ecumenical Temple.
  5036 | D:6      | Reached skill level 7 in Armour
  5036 | D:6      | Reached XP level 9. HP: 54/54 MP: 0/9
  5170 | D:7      | Reached skill level 5 in Staves
  5269 | D:7      | Noticed a cyclops
  5276 | D:7      | Slain by a cyclops

Illustrated notes

Levels and vault maps discovered:
D:1:      minmay_arrival_five_plusses, layout_rooms,
          shapermc_ecumenical_altar_totnotflames
D:2:      layout_basic, basic_altar
D:3:      layout_rooms
D:4:      layout_rooms, palyth_temple_overflow_mages
D:5:      layout_layer_cave, nicolae_overflow_hallway_of_the_gods,
          nemelex_diamond_rough_becter, minmay_shop_damaged, uniq_ijyb
D:6:      layout_loops_cross, temple_statues, minmay_puff
D:7:      minmay_thick_lines, layout_basic, uniq_menkaure

Skill      XL: |  1  2  3  4  5  6  7  8  9 |
---------------+----------------------------+-----
Dodging        | 2 3 4 |  4.0
Armour         | 3 4 5 7 |  7.3
Maces & Flails | 4 5 |  5.9
Fighting       | 4 5 |  5.8
Staves         | 1 3 4 5 |  5.1

Action                     |  1- 3 |  4- 6 |  7- 9 || total
---------------------------+-------+-------+-------++-------
  Melee: Mace              |   119 |   124 |       ||   243
         Punch             |     1 |     2 |       ||     3
         Quarterstaff      |       |    45 |   365 ||   410
 Invoke: Berserk           |       |     1 |     1 ||     2
    Use: Scroll            |       |       |    10 ||    10
 Armour: Animal skin       |    51 |    76 |       ||   127
         Leather armour    |       |       |   170 ||   170
  Dodge: Dodged            |   100 |   119 |   161 ||   380
